 Dungeon Crawl Stone Soup version 0.28-a0-909-g796cbd3a86 (webtiles) character file.

Game seed: 841534895077514037

28 night the Firebug (level 3, -3/28 HPs)
             Began as a Hill Orc Fire Elementalist on Nov 24, 2021.
             Slain by a hobgoblin (5 damage)
             ... led by Robin
             ... on level 2 of the Dungeon.
             The game lasted 00:02:21 (692 turns).

night the Firebug (Hill Orc Fire Elementalist)       Turns: 692, Time: 00:02:21

Health: -3/28      AC:  2    Str: 10    XL:     3   Next: 12%
Magic:  1/5        EV: 12    Int: 16    God:
Gold:   20         SH:  0    Dex: 11    Spells: 2/5 levels left

rFire   . . .      SeeInvis .   f - +0 falchion
rCold   . . .      Faith    .   (no shield)
rNeg    . . .      Spirit   .   a - +0 robe
rPois   .          Reflect  .   (no helmet)
rElec   .          Harm     .   (no cloak)
rCorr   .          Rampage  .   (no gloves)
Will    .....                   (no boots)
Stlth   ++........              (no amulet)
HPRegen 0.09/turn               (no ring)
MPRegen 0.09/turn               (no ring)

@: about to teleport
A: no striking features
a: no special abilities


You were on level 2 of the Dungeon.
You visited 1 branch of the dungeon, and saw 2 of its levels.

You collected 20 gold pieces.

Inventory:

Hand Weapons
 e - a +0 dagger
 f - a +0 falchion (weapon)
Missiles
 d - 30 stones
Armour
 a - a +0 robe (worn)
Jewellery
 c - an amulet of reflection
Scrolls
 g - 2 scrolls of teleportation
Potions
 b - 2 potions of haste {unknown}


   Skills:
 + Level 1.3 Fighting
 - Level 1.5 Dodging
 - Level 1.5 Stealth
 + Level 1.9 Spellcasting
 + Level 1.6 Conjurations
 + Level 3.6 Fire Magic


You had 2 spell levels left.
You knew the following spells:

 Your Spells              Type           Power      Damage    Failure   Level
a - Foxfire               Conj/Fire      40%        2x1d6     7%          1
b - Scorch                Fire           26%        2d6       7%          2

Your spell library contained the following spells:

 Spells                   Type           Power      Damage    Failure   Level
 Conjure Flame            Conj/Fire      10%        6-21      22%         3
 Inner Flame              Hex/Fire       7%         N/A       30%         3
 Gell's Gravitas          Tloc           1%         N/A       54%         3
 Lesser Beckoning         Tloc           1%         N/A       54%         3
 Teleport Other           Tloc           1%         N/A       54%         3
 Flame Wave               Conj/Fire      10%        3d4       56%         4


Dungeon Overview and Level Annotations

Branches:
Dungeon (2/15)

Altars:

Annotations:
D:2 Robin


Message History

You miss the goblin.
A hobgoblin breaks down the large door.
The goblin hits you with a +0 club.
Casting: Foxfire (safe; 7% risk of failure)
Confirm with . or Enter, or press ? or * to list all spells.
You conjure some foxfire!
A bat comes into view.
The foxfire hits the hobgoblin.
You kill the hobgoblin!
The goblin barely misses you.
Unknown command.
You hit the goblin.
The goblin is severely wounded.
The foxfire hits the goblin.
You kill the goblin!
Casting: Foxfire (safe; 7% risk of failure)
Confirm with . or Enter, or press ? or * to list all spells.
You conjure some foxfire!
The foxfire hits the goblin.
You kill the goblin!
The goblin hits you but does no damage.
Unknown command.
You hit the bat but do no damage. The bat hits you.
The goblin hits you with a +0 club.
As you read the scroll of teleportation, it crumbles to dust.
You feel strangely unstable. The goblin closely misses you.
The hobgoblin barely misses you. The goblin hits you with a +0 club.
Casting: Foxfire (safe; 7% risk of failure)
Confirm with . or Enter, or press ? or * to list all spells.
You don't have enough magic to cast this spell.
You aren't carrying any items that you can evoke.
You hit the hobgoblin but do no damage. The goblin hits you but does no damage.
The hobgoblin hits you. The goblin misses you.
Robin roars a battlecry!
The goblins go into a battle-frenzy!
The goblin closely misses you. The hobgoblin barely misses you.
You closely miss the hobgoblin. The goblin hits you with a +0 club.
* * * LOW HITPOINT WARNING * * *
The goblin hits you with a +0 club.
* * * LOW HITPOINT WARNING * * *
The hobgoblin hits you.
You die...

#.... # #. ###.... ..
.....< ..##.ggg# #
#.##..gg#
###.###.###'#.#######
.............).......
# #.###.#.###gg######
# #.#........ggg@# #
#.#.#.#.#####gg#
###.#.....# ≈≈.b≈
......#.###≈≈≈≈..≈≈
....†...##≈≈≈≈≈..≈≈≈
###.#.###≈≈≈≈≈≈..≈≈≈≈
#.#.# ≈≈≈≈≈≈..≈≈≈≈≈
#.#.# ≈≈≈≈≈≈..≈≈≈≈≈≈
#.#.#


You could see Robin, 4 hobgoblins, 2 goblins and a bat.

Vanquished Creatures
  An adder (D:2)
  A ball python (D:1)
  A bat (D:1)
  An endoplasm (D:1)
  A giant cockroach (D:1)
  3 goblins (D:2)
  3 hobgoblins
  2 kobolds (D:1)
  A quokka (D:1)
  A rat (D:1)
15 creatures vanquished.

Vanquished Creatures (others)
  28 foxfires
28 creatures vanquished.

Grand Total: 43 creatures vanquished

Notes
Turn   | Place    | Note
-------+----------+-------------------------------------------
     0 | D:1      | night the Hill Orc Fire Elementalist began the quest for
                  | the Orb.
     0 | D:1      | Reached XP level 1. HP: 14/14 MP: 3/3
   259 | D:1      | Reached XP level 2. HP: 22/22 MP: 2/4
   290 | D:1      | Learned a level 2 spell: Scorch
   530 | D:1      | Reached skill level 1 in Fighting
   677 | D:2      | Noticed Robin
   682 | D:2      | Reached XP level 3. HP: 17/28 MP: 2/5
   692 | D:2      | HP: 2/28 [goblin[Robin] (3)]
   692 | D:2      | Slain by a hobgoblin

Illustrated notes

Levels and vault maps discovered:
D:1:      lemuel_arrival_funnel, layout_rooms, serial_glass, glass_columns_c,
          glass_columns_a
D:2:      kennysheep_big_flooded_room, layout_basic,
          shapermc_ecumenical_altar_mp_urbaneastern, uniq_robin

Skill      XL: |  1  2 |
---------------+-------+-----
Fighting       | 1 |  1.3
Dodging        | |  1.5
Stealth        | |  1.5
Spellcasting   | |  1.9
Conjurations   | |  1.6
Fire Magic     | |  3.6

Action                   || total
-------------------------++-------
Melee: Dagger            ||     9
       Falchion          ||     6
 Cast: Foxfire           ||    18
       Scorch            ||     2
  Use: Scroll            ||     4
Armor: Robe              ||     6
Dodge: Dodged            ||    18

Table legend: (Time is in decaauts)
 A = Elapsed time spent in this place.
 B = Non-inter-level travel time spent in this place.
 C = Inter-level travel time spent in this place.
 D = Time resting spent in this place.
 E = Time spent auto-exploring this place.
 F = Levels seen in this place.
 G = Mean time per level.
                   A        B        C        D        E       F      G
               +--------+--------+--------+--------+--------+-----+--------+
         Total |    692 |    659 |     33 |     29 |    501 |   2 |  346.0 |
       Dungeon |    692 |    659 |     33 |     29 |    501 |   2 |  346.0 |
               +--------+--------+--------+--------+--------+-----+--------+

Top non-repeatable levels by time:
     D:1: 564 daAuts
     D:2: 128 daAuts
